 Dungeon Crawl Stone Soup version 0.30-a0-860-g512cf1e979 (webtiles) character file.

Game seed: 6366779574382202504

466 Newt the Skirmisher (level 7, 0/44 HPs)
             Began as a Kobold Hunter on Mar 7, 2023.
             Slain by an ice beast (14 damage)
             ... on level 5 of the Dungeon.
             The game lasted 00:03:34 (3885 turns).

Newt the Skirmisher (Kobold Hunter)                 Turns: 3885, Time: 00:03:34

Health: 0/44       AC:  4    Str:  8    XL:     7   Next: 30%
Magic:  7/7        EV: 14    Int: 11    God:
Gold:   386        SH:  0    Dex: 20    Spells: 6/6 levels left

rFire   . . .      SeeInvis .    a - +1 shortbow
rCold   . . .      Faith    +    (shield currently unavailable)
rNeg    . . .      Spirit   .    c - +1 leather armour
rPois   .          Reflect  .    (no helmet)
rElec   .          Rampage  .    (no cloak)
rCorr   .                        (no gloves)
Will    .....                    (no boots)
Stlth   +++                      d - amulet of faith
HPRegen 0.27/turn                (no ring)
MPRegen 0.10/turn                (no ring)

@: no status effects
A: small, no large weapons, nightstalker 3
a: no special abilities


You were on level 5 of the Dungeon.
You visited 1 branch of the dungeon, and saw 5 of its levels.

You collected 386 gold pieces.

Inventory:

Hand Weapons
 a - a +1 shortbow (weapon)
Armour
 c - a +1 leather armour (worn)
Jewellery
 d - an amulet of faith (around neck)
Scrolls
 b - 2 scrolls of immolation
 h - a scroll of magic mapping
 l - a scroll of identify
 n - a scroll of torment
 o - a scroll of fear
 p - 2 scrolls of teleportation
Potions
 f - 3 potions of might {unknown}
 i - 2 potions of haste
 j - a potion of flight {unknown}
 k - a potion of degeneration {unknown}
 m - a potion of attraction {unknown}


   Skills:
 - Level 5.0 Fighting
 + Level 9.3 Ranged Weapons
 - Level 2.4 Dodging
 - Level 1.3 Stealth


You had 6 spell levels left.
You didn't know any spells.
Your spell library was empty.

Dungeon Overview and Level Annotations

Branches:
Dungeon (5/15)
 Temple: D:4-7

Altars:
Elyvilon
Sif Muna
Trog

Annotations:
D:5 1 transporter


Innate Abilities, Weirdness & Mutations

You are small and have problems with some larger weapons.
You are completely attuned to the shadows.


Message History

You shoot an arrow. The arrow hits the iguana.
The iguana is severely wounded.
The iguana bites you!
* * * LOW HITPOINT WARNING * * *
Fire: a) +1 shortbow
Press: ? - help, Q - select action Shift-Dir - straight line, f/p - iguana
Aim: an iguana (severely wounded, 72% to hit)
Okay, then.
Fire: a) +1 shortbow
Press: ? - help, Shift-Dir - straight line, f/p - iguana
Aim: an iguana (severely wounded, 72% to hit)
You feel better.
An ice beast comes into view.
The iguana misses you.
You shoot an arrow.
The arrow hits the iguana but does no damage.
The iguana is severely wounded.
The iguana barely misses you.
You shoot an arrow.
The arrow hits the iguana but does no damage.
The iguana is severely wounded.
The iguana bites you!
* * * LOW HITPOINT WARNING * * *
You feel much better. The iguana closely misses you.
You shoot an arrow. The arrow barely misses the iguana.
The ice beast closely misses you. The iguana barely misses you.
You shoot an arrow. The arrow barely misses the iguana.
The ice beast hits you. The ice beast freezes you! The iguana bites you!
You shoot an arrow. The arrow hits the iguana.
The iguana is severely wounded.
The ice beast barely misses you. The iguana closely misses you.
The iguana bites you!
* * * LOW HITPOINT WARNING * * *
The ice beast hits you but does no damage.
You shoot an arrow. The arrow hits the iguana!
You kill the iguana!
The ice beast hits you but does no damage.
Unknown command.
You feel better. The ice beast hits you. The ice beast freezes you!
You die...

.....# .....# #
.....#.# .....#.##
.......!. #.#..#.##
#..# # #.#†.#.#
#.##@#.# #
#.#.Y#.#.+
###.#.##.#.#..
.....))....#.#
.....###.###.#
.....# #.# #.# .#
.....# #.###.####.#
.....###.##........
...................


You could see an ice beast.

Vanquished Creatures
  A black bear (D:4)
  A scorpion (D:5)
  A howler monkey (D:3)
  2 hounds (D:4)
  2 iguanas (D:5)
  8 adders
  3 worms
  4 dart slugs
  3 orcs (D:5)
  5 ball pythons
  3 endoplasms
  3 giant cockroaches
  6 goblins
  10 hobgoblins
  3 jackals
  7 kobolds
  5 quokkas
  3 bats
  10 frilled lizards
  6 rats
86 creatures vanquished.

Vanquished Creatures (others)
  A plant (D:4)
1 creature vanquished.

Grand Total: 87 creatures vanquished

Notes
Turn   | Place    | Note
-------+----------+-------------------------------------------
     0 | D:1      | Newt the Kobold Hunter began the quest for the Orb.
     0 | D:1      | Reached XP level 1. HP: 12/12 MP: 1/1
    34 | D:1      | Reached XP level 2. HP: 18/18 MP: 2/2
   230 | D:1      | Reached XP level 3. HP: 22/23 MP: 3/3
   923 | D:2      | Reached XP level 4. HP: 16/30 MP: 4/4
  1811 | D:3      | Reached skill level 5 in Fighting
  1820 | D:3      | Reached skill level 6 in Ranged Weapons
  1820 | D:3      | Reached XP level 5. HP: 14/35 MP: 5/5
  2439 | D:4      | Reached skill level 7 in Ranged Weapons
  2439 | D:4      | Reached XP level 6. HP: 23/40 MP: 6/6
  2564 | D:4      | Found a bloodstained altar of Trog.
  2677 | D:4      | Found a white marble altar of Elyvilon.
  2949 | D:4      | Noticed a black bear
  2954 | D:4      | Killed a black bear
  2955 | D:4      | Reached skill level 8 in Ranged Weapons
  3694 | D:5      | Entered Level 5 of the Dungeon
  3717 | D:5      | Found a shimmering blue altar of Sif Muna.
  3767 | D:5      | Found a transporter.
  3865 | D:5      | Reached skill level 9 in Ranged Weapons
  3865 | D:5      | Reached XP level 7. HP: 35/44 MP: 7/7
  3885 | D:5      | Slain by an ice beast

Illustrated notes

Levels and vault maps discovered:
D:1:      noname_arrival_rooms_in_the_neighbourhood, layout_rooms
D:2:      layout_basic
D:3:      layout_rooms, nrook_mini_vaults, hangedman_decor_riveting,
          minmay_fractal_squares_5
D:4:      cheibrodos_old_hovel, layout_basic, nicolae_elyvilon_peaceful_grove,
          mainiacjoe_overflow_24_doors, serial_curves, eino_curves_01,
          eino_curves_03
D:5:      layout_basic, mainiacjoe_overflow_tiny_flanked,
          gammafunk_ghost_abyssal_escape, reono_crystal_passage, uniq_ijyb

Skill      XL: |  1  2  3  4  5  6 |
---------------+-------------------+-----
Fighting       | 3 4 5 |  5.0
Ranged Weapons | 6 7 9 |  9.3
Dodging        | |  2.4
Stealth        | |  1.3

Action                     |  1- 3 |  4- 6 |  7- 9 || total
---------------------------+-------+-------+-------++-------
   Fire: Shortbow          |   106 |   151 |    16 ||   273
    Use: Scroll            |     1 |     9 |       ||    10
         Potion            |       |       |     4 ||     4
 Armour: Leather armour    |    20 |    13 |     4 ||    37
  Dodge: Dodged            |    81 |    77 |    13 ||   171

Table legend: (Time is in decaauts)
 A = Elapsed time spent in this place.
 B = Non-inter-level travel time spent in this place.
 C = Inter-level travel time spent in this place.
 D = Time resting spent in this place.
 E = Time spent auto-exploring this place.
 F = Levels seen in this place.
 G = Mean time per level.
                   A        B        C        D        E       F      G
               +--------+--------+--------+--------+--------+-----+--------+
         Total |   3951 |   3834 |    117 |    552 |   2788 |   5 |  790.2 |
       Dungeon |   3951 |   3834 |    117 |    552 |   2788 |   5 |  790.2 |
               +--------+--------+--------+--------+--------+-----+--------+

Top non-repeatable levels by time:
     D:4: 1275 daAuts
     D:2: 996 daAuts
     D:3: 828 daAuts
     D:1: 657 daAuts
     D:5: 194 daAuts
